Map: Deathaura LE

Players

PatrickMac

  • Race: Protoss Protoss
  • League: Master
  • Spawn Location: 5:00

PiG - Winner!

  • Race: Zerg Zerg
  • League: Grandmaster
  • Spawn Location: 11:00

VOD

Have the link to the VOD?

Description

Time

  • Played on: Dec. 30, 2020, 4:12 p.m.
  • Length: 9:31
Show
View Real Time Build Order
Export as new Build Order

PatrickMac Protoss 

Build Orders: 1 Gate Expand 

Get SALT Encoding   

  12  0:00  Probe  
  13  0:12  Probe  
  14  0:17  Pylon  
  14  0:24  Probe (Chrono Boost)  
  15  0:36  Probe (Chrono Boost)  
  15  0:37  Gateway  
  16  0:43  Probe (Chrono Boost)  
  16  0:46  Assimilator  
  17  0:51  Probe  
  18  1:03  Probe  
  19  1:15  Probe  
  20  1:23  Nexus  
  20  1:32  Cybernetics Core  
  20  1:35  Probe  
  21  1:40  Assimilator  
  21  1:47  Probe  
  21  1:49  Pylon  
  22  2:00  Probe (Chrono Boost)  
  23  2:05  Adept (Chrono Boost)  
  24  2:09  Probe (Chrono Boost)  
  24  2:14  Probe (Chrono Boost)  
  26  2:19  Stargate  
  27  2:28  Adept, Probe (Chrono Boost)  
  30  2:34  Probe (Chrono Boost)  
  31  2:44  Probe x2 (Chrono Boost)  
  33  2:49  Probe (Chrono Boost)  
  33  2:50  Probe  
  33  2:51  Warp Gate  
  35  2:57  Void Ray (Chrono Boost)  
  35  3:01  Probe  
  35  3:04  Probe  
  41  3:13  Probe  
  41  3:16  Probe  
  41  3:19  Pylon  
  43  3:24  Nexus  
  43  3:25  Probe  
  44  3:29  Probe  
  44  3:31  Assimilator  
  45  3:36  Assimilator  
  45  3:38  Probe (Chrono Boost)  
  47  3:46  Stargate  
  47  3:47  Probe (Chrono Boost)  
  48  3:49  Probe (Chrono Boost)  
  48  3:54  Probe (Chrono Boost)  
  49  4:03  Probe  
  49  4:05  Probe  
  51  4:12  Pylon  
  51  4:13  Pylon  
  51  4:15  Probe  
  52  4:17  Probe  
  52  4:18  Nexus  
  52  4:23  Stargate  
  53  4:26  Void Ray, Pylon  
  53  4:27  Probe (Chrono Boost)  
  55  4:31  Void Ray  
  55  4:34  Probe (Chrono Boost)  
  64  4:39  Probe (Chrono Boost)  
  64  4:42  Assimilator  
  64  4:44  Adept  
  64  4:45  Probe (Chrono Boost), Assimilator  
  67  4:46  Probe (Chrono Boost)  
  68  4:54  Probe  
  68  4:55  Probe  
  68  4:57  Pylon  
  70  5:05  Zealot  
  70  5:06  Gateway, Probe  
  67  5:07  Probe  
  67  5:12  Void Ray (Chrono Boost)  
  67  5:14  Void Ray (Chrono Boost)  
  68  5:18  Probe  
  68  5:19  Probe (Chrono Boost)  
  71  5:30  Probe x2 (Chrono Boost)  
  74  5:35  Void Ray (Chrono Boost)  
  74  5:37  Probe (Chrono Boost)  
  74  5:40  Sentry, Probe x2 (Chrono Boost)  
  82  5:44  Probe (Chrono Boost)  
  82  5:45  Probe x2 (Chrono Boost)  
  82  5:47  Shield Battery  
  82  5:48  Shield Battery  
  84  6:05  Zealot  
  84  6:06  Zealot  
  85  6:14  Void Ray (Chrono Boost)  
  84  6:20  Pylon  
  84  6:22  Probe  
  84  6:23  Pylon  
  83  6:30  Pylon  
  83  6:34  Void Ray x2 (Chrono Boost)  
  83  6:35  Probe  
  83  6:36  Probe, Pylon  
  83  6:37  Probe  
  85  6:47  Probe  
  85  6:48  Probe  
  85  6:52  Probe  
  85  6:53  Void Ray (Chrono Boost)  
  93  7:03  Void Ray (Chrono Boost)  
  97  7:12  Gateway  
  91  7:18  Void Ray (Chrono Boost)  
  91  7:25  Zealot  
  93  7:35  Shield Battery  
  93  7:36  Shield Battery  
  85  7:37  Void Ray (Chrono Boost)  
  78  7:48  Probe  
  78  7:50  Pylon  
  78  7:51  Void Ray (Chrono Boost)  
  71  8:03  Probe  
  71  8:14  Void Ray  
  71  8:35  Probe  
  71  8:36  Probe  
  73  8:43  Zealot  
  52  9:07  Zealot  
  49  9:17  Cybernetics Core  
Show
View Real Time Build Order
Export as new Build Order

PiG Zerg - Winner!

Build Orders: Hatch First 

Get SALT Encoding   

  12  0:00  Drone  
  13  0:16  Overlord  
  13  0:17  Drone  
  14  0:34  Drone x2  
  16  0:47  Hatchery  
  15  0:51  Drone  
  15  0:55  Drone  
  17  1:01  Drone  
  18  1:09  Extractor  
  17  1:14  Spawning Pool  
  17  1:16  Drone  
  17  1:22  Drone  
  18  1:33  Drone  
  19  1:42  Overlord  
  19  1:54  Drone  
  20  2:01  Queen x2  
  20  2:02  Zergling x2  
  20  2:04  Zergling x2  
  26  2:10  Drone  
  26  2:11  Metabolic Boost  
  27  2:18  Drone  
  29  2:30  Drone  
  29  2:37  Hatchery  
  29  2:40  Drone x2  
  30  2:44  Overlord  
  30  2:47  Zergling x2  
  31  2:52  Drone  
  31  2:54  Queen  
  34  3:05  Zergling x4  
  34  3:10  Zergling x4  
  36  3:13  Drone x2  
  36  3:14  Drone x2  
  36  3:15  Drone  
  36  3:18  Extractor  
  40  3:22  Overlord  
  40  3:24  Overlord  
  40  3:33  Drone  
  40  3:34  Drone  
  42  3:44  Overlord  
  42  3:48  Drone x3  
  45  3:53  Drone x2  
  47  3:57  Drone  
  47  4:00  Lair  
  47  4:02  Queen x2  
  48  4:05  Zergling x2  
  50  4:17  Zergling x6  
  50  4:19  Drone  
  50  4:20  Drone x3  
  50  4:22  Zergling x2  
  56  4:31  Overlord x2  
  56  4:32  Zergling x6  
  56  4:33  Zergling x2  
  60  4:40  Zergling x2  
  61  4:49  Queen x2  
  63  5:01  Nydus Network  
  63  5:02  Queen  
  62  5:15  Zergling x20  
  62  5:16  Zergling x2  
  62  5:17  Overseer  
  70  5:24  Queen, Zergling x12  
  76  5:37  Nydus Canal  
  76  5:43  Zergling x12  
  81  5:55  Zergling x2  
  81  5:57  Nydus Canal  
  81  5:59  Queen  
  81  6:03  Zergling x2  
  78  6:08  Zergling x10  
  80  6:13  Zergling x4  
  82  6:22  Nydus Canal  
  77  6:27  Zergling x10  
  77  6:31  Zergling x6  
  80  6:35  Zergling x4  
  80  6:36  Queen  
  80  6:38  Nydus Canal  
  79  6:40  Zergling x4  
  79  6:43  Queen  
  79  6:46  Queen  
  78  7:22  Overlord x3  
  76  7:25  Extractor  
  76  7:26  Extractor  
  76  7:28  Hydralisk Den, Zergling x4  
  71  7:39  Queen  
  71  7:40  Queen  
  71  7:45  Zergling x2  
  71  7:47  Zergling x6  
  71  7:49  Queen  
  74  7:55  Zergling x22  
  81  7:59  Grooved Spines, Zergling x2  
  81  8:04  Zergling x2  
  81  8:05  Zergling x2  
  82  8:10  Zergling x6  
  83  8:15  Queen  
  85  8:27  Queen, Zergling x4  
  84  8:29  Hydralisk x6  
  91  8:44  Zergling x4  
  93  8:52  Zergling x10  
  94  9:04  Zergling x4  
  94  9:08  Zergling x2  
  93  9:11  Zergling x6  
Tags
 
Add a new tag
Caveats
  • Supply blocks, unpowered buildings, or Contaminate may cause inaccurate times.
  • Supply counts are checked every 10 seconds.